[Event "Titled Tuesday Blitz December 27 Early 2022"]
[White "Rosh Jain"]
[Black "Forgacs, Attila Jr."]
[WhiteFideId "25789465"]
[BlackFideId "773654"]
[WhiteElo "2248"]
[BlackElo "2264"]
[Result "0-1"]
[Round "05"]
[TimeControl "180+2"]
[Date "2022.12.27"]
[WhiteClock "0:00:47"]
[BlackClock "0:00:05"]

1. e4 e5 2. Nf3 Nc6 3. Bb5 a6 4. Ba4 Nf6 5. O-O Be7 6. Re1 b5 7. Bb3 O-O 8. c3 d5 9. exd5 Nxd5 10. Nxe5 Nxe5 11. Rxe5 c6 12. d4 Bd6 13. Re1 Qh4 14. g3 Qh3 15. Qd3 Bg4 16. Bxd5 cxd5 17. Qf1 Qh5 18. Be3 f5 19. f4 g5 20. Nd2 Rae8 21. Qg2 gxf4 22. Qxd5+ Kg7 23. Bxf4 Bxf4 24. gxf4 Kh8 25. Re5 Bh3 26. Qf3 Rg8+ 27. Kf2 Qh4+ 28. Ke3 Bg2 29. Qf2 Qh3+ 30. Nf3 Rxe5+ 31. dxe5 Bxf3 32. Qxf3 Qxh2 33. Kd4 Qd2+ 34. Kc5 Rc8+ 35. Kb4 Qxb2+ 36. Ka5 Qa3+ 37. Kb6 Qc5+ 38. Ka5 b4+ 39. Ka4 Qb5+ 40. Kb3 bxc3+ 41. Kc2 Qb2+ 42. Kd3 Qd2# 0-1


[Site "https://www.chess.com"]

[Event "Titled Tuesday Blitz December 27 Early 2022"]
[White "Roy Chowdhury, Saptarshi"]
[Black "Starozhilov, Leonid"]
[WhiteFideId "5002974"]
[BlackFideId "14106752"]
[WhiteElo "2273"]
[BlackElo "2313"]
[Result "0-1"]
[Round "05"]
[TimeControl "180+2"]
[Date "2022.12.27"]
[WhiteClock "0:00:02"]
[BlackClock "0:00:06"]

1. e4 g6 2. d4 Bg7 3. Nf3 d6 4. Nc3 Nf6 5. Be3 O-O 6. h3 c5 7. dxc5 Qa5 8. Bd3 dxc5 9. O-O Rd8 10. Qe2 Nc6 11. Bc4 Nd4 12. Bxd4 cxd4 13. Nd5 e6 14. Nxf6+ Bxf6 15. e5 Bg7 16. Rad1 b5 17. Bb3 Qb6 18. Rd3 a5 19. a3 a4 20. Ba2 b4 21. Bc4 Qc5 22. Rdd1 Bb7 23. axb4 Qxb4 24. Nxd4 Qxb2 25. Qd3 Bd5 26. Bxd5 Rxd5 27. c3 Rc8 28. Qa6 Rcd8 29. Qxa4 Qxc3 30. Nf3 h6 31. Rxd5 exd5 32. Rd1 Qc7 0-1


[Site "https://www.chess.com"]

[Event "Titled Tuesday Blitz December 27 Early 2022"]
[White "Royal, Shreyas"]
[Black "Makarian, Rudik"]
[WhiteFideId "448869"]
[BlackFideId "44105681"]
[WhiteElo "2438"]
[BlackElo "2545"]
[Result "0-1"]
[Round "05"]
[TimeControl "180+2"]
[Date "2022.12.27"]
[WhiteClock "0:00:52"]
[BlackClock "0:00:04"]

1. e4 e5 2. Nf3 Nc6 3. Bb5 a6 4. Ba4 Bc5 5. c3 Nge7 6. d4 exd4 7. cxd4 Bb4+ 8. Bd2 Bxd2+ 9. Qxd2 d5 10. e5 Bg4 11. Nc3 O-O 12. O-O Bxf3 13. gxf3 f6 14. f4 Qd7 15. Kh1 fxe5 16. Bxc6 bxc6 17. fxe5 Rf3 18. Qe2 Raf8 19. e6 Qd6 20. Rae1 Qf4 21. Qe5 Qxe5 22. Rxe5 Rxf2 23. Rxf2 Rxf2 24. Na4 Rd2 25. Nc5 Rxb2 26. Nxa6 Rxa2 27. Nxc7 Rd2 28. Ne8 Rxd4 29. Kg2 Re4 30. Rxe4 dxe4 31. Nd6 e3 32. Kf3 Nd5 33. Nc4 Kf8 34. Ne5 Ke7 35. Nxc6+ Kxe6 36. Nd8+ Kf5 37. Nf7 Kf6 38. Nd6 Ke5 39. Ne8 g6 40. Ng7 Kd4 41. Ne6+ Kd3 42. Nc5+ Kd2 43. Nb3+ Kc3 44. Nc5 Kd2 45. Nb3+ Ke1 46. Nc1 Kd1 47. Ne2 Kd2 48. Ng3 Ke1 49. Ke4 Kf2 50. Kxd5 h5 51. Ke4 h4 52. Nh1+ Kg2 53. Kxe3 Kxh1 54. Kf4 Kxh2 55. Kg5 Kg3 56. Kxg6 h3 57. Kf5 h2 58. Ke5 h1=Q 59. Kd6 Qf3 0-1


[Site "https://www.chess.com"]

[Event "Titled Tuesday Blitz December 27 Early 2022"]
[White "Rustemov, Alexander"]
[Black "Skvortsov, Andrei"]
[WhiteFideId "4119002"]
[BlackFideId "24108600"]
[WhiteElo "2525"]
[BlackElo "2313"]
[Result "0-1"]
[Round "05"]
[TimeControl "180+2"]
[Date "2022.12.27"]
[WhiteClock "0:00:08"]
[BlackClock "0:00:14"]

1. d4 Nf6 2. c4 e6 3. Nf3 d5 4. Nc3 Be7 5. Bg5 h6 6. Bh4 dxc4 7. e3 c5 8. Bxc4 cxd4 9. Nxd4 a6 10. O-O O-O 11. Qe2 Bd7 12. Rfd1 Qc7 13. Rac1 Nc6 14. Bg3 Qb6 15. Nxc6 Bxc6 16. f3 Rfd8 17. Bf2 Nd7 18. e4 Bc5 19. Bb3 Ne5 20. f4 Bxf2+ 21. Qxf2 Qxf2+ 22. Kxf2 Nd3+ 23. Ke3 Nxc1 24. Rxc1 Kf8 25. g3 Ke7 26. h4 Rd7 27. Rd1 Rxd1 28. Bxd1 f6 29. a3 a5 30. Be2 e5 31. f5 Kd6 32. g4 Kc5 33. Na2 Rd8 34. b4+ axb4 35. axb4+ Kd6 36. Nc3 Ra8 37. Kd2 Ra3 38. Kc2 Rxc3+ 39. Kxc3 Bxe4 40. Kd2 Bg2 41. Ke3 Kd5 42. h5 b6 43. Kd3 e4+ 44. Ke3 Ke5 45. Bd1 Bf3 46. Bxf3 exf3 47. Kxf3 Kd4 48. Kf4 b5 49. Kf3 Kc4 50. Ke4 Kxb4 51. Kd5 Kc3 52. Ke6 b4 53. Kf7 b3 54. Kxg7 b2 55. Kxf6 b1=Q 56. Kg7 Qe4 57. f6 Qe5 58. Kxh6 Qxf6+ 59. Kh7 Qg5 60. h6 Kd4 61. Kh8 Qxh6+ 0-1


[Site "https://www.chess.com"]

[Event "Titled Tuesday Blitz December 27 Early 2022"]
[White "Sadovsky, Artem"]
[Black "Yaran, Siar"]
[WhiteFideId "4155840"]
[BlackFideId "6323006"]
[WhiteElo "2276"]
[BlackElo "2288"]
[Result "1-0"]
[Round "05"]
[TimeControl "180+2"]
[Date "2022.12.27"]
[WhiteClock "0:00:07"]
[BlackClock "0:00:03"]

1. Nf3 Nf6 2. e3 e6 3. c4 d5 4. b3 c5 5. Bb2 Nc6 6. cxd5 exd5 7. d4 a6 8. Be2 cxd4 9. Nxd4 Bb4+ 10. Bc3 Bd6 11. Nxc6 bxc6 12. Nd2 O-O 13. O-O a5 14. h3 h6 15. e4 Re8 16. exd5 Nxd5 17. Bb2 Qg5 18. Nf3 Qg6 19. Bd3 Qh5 20. Nd4 Qg5 21. Qf3 Bb7 22. Qf5 Qxf5 23. Nxf5 Be5 24. Bxe5 Rxe5 25. Rfe1 Rae8 26. Rxe5 Rxe5 27. Nd6 Ba8 28. Nc4 Rg5 29. Re1 Kf8 30. h4 Rh5 31. Nd6 Nf6 32. Bc4 Rxh4 33. Nxf7 c5 34. Ne5 g5 35. Ng6+ Kg7 36. Nxh4 gxh4 37. Re5 Ne4 38. Bd5 Bxd5 39. Rxd5 Kf6 40. Rh5 Ke6 41. Rxh6+ Kd5 42. Rxh4 Nc3 43. a4 Ne2+ 44. Kf1 Nd4 45. Rh3 Ke4 46. Rc3 Kd5 47. Ke1 Nc6 48. Kd2 Kd4 49. f4 Nb4 50. Rc4+ Kd5 51. Rxb4 cxb4 52. g4 1-0


[Site "https://www.chess.com"]

[Event "Titled Tuesday Blitz December 27 Early 2022"]
[White "Sai Krishna G V"]
[Black "Kravtsiv, Martyn"]
[WhiteFideId "5028280"]
[BlackFideId "14113147"]
[WhiteElo "2384"]
[BlackElo "2598"]
[Result "1-0"]
[Round "05"]
[TimeControl "180+2"]
[Date "2022.12.27"]
[WhiteClock "0:00:14"]
[BlackClock "0:00:02"]

1. e4 e5 2. Nf3 Nc6 3. Bb5 a6 4. Ba4 Nf6 5. O-O Be7 6. Re1 b5 7. Bb3 O-O 8. h3 Bb7 9. Nc3 d6 10. a3 Nd4 11. Ba2 c5 12. d3 h6 13. Nh2 Rc8 14. f4 b4 15. Ne2 a5 16. Ng3 Ba6 17. c3 bxc3 18. bxc3 Ne6 19. f5 Nf4 20. Bxf4 exf4 21. Ne2 c4 22. d4 Nxe4 23. Qc2 d5 24. Nxf4 Bb7 25. Rab1 Bc6 26. Ng4 Bg5 27. Rf1 Qd6 28. Ne5 Rfe8 29. Rbe1 Ba8 30. Nh5 Qxa3 31. f6 gxf6 32. Ng4 Re6 33. h4 Bxh4 34. Nxh6+ Kf8 35. Nf5 Bxe1 36. Rxe1 Qxc3 37. Qe2 Ng3 38. Nhxg3 Rxe2 39. Rxe2 Re8 40. Rf2 1-0


[Site "https://www.chess.com"]

[Event "Titled Tuesday Blitz December 27 Early 2022"]
[White "Saleem, Arshaq"]
[Black "Bilan, Danila"]
[WhiteFideId "2081857"]
[BlackFideId "24161918"]
[WhiteElo "2133"]
[BlackElo "2303"]
[Result "1-0"]
[Round "05"]
[TimeControl "180+2"]
[Date "2022.12.27"]
[WhiteClock "0:00:14"]
[BlackClock "0:00:02"]

1. d4 d5 2. c4 c6 3. Nf3 Nf6 4. g3 Bf5 5. Nc3 e6 6. Qb3 Qb6 7. c5 Qc7 8. Nh4 Bg4 9. h3 Bh5 10. Bf4 Qc8 11. g4 Bg6 12. Nxg6 hxg6 13. Bg2 Nbd7 14. Qc2 b6 15. cxb6 axb6 16. O-O Bb4 17. a3 Bxc3 18. Qxc3 c5 19. Rfc1 Qa6 20. Bd6 Rc8 21. e3 Rc6 22. Bg3 O-O 23. Bf1 Qb7 24. Bb5 Rcc8 25. Qe1 Ne4 26. Bh2 cxd4 27. exd4 Ndf6 28. f3 Ng5 29. Kg2 Rxc1 30. Rxc1 Rc8 31. h4 Ngh7 32. Bf4 Nf8 33. Qd2 N8d7 34. Bd6 Ne8 35. Bg3 Ndf6 36. Rc2 Nd6 37. Bxd6 Rxc2 38. Qxc2 Kh7 39. Qc6 Qa7 40. Bb4 Ng8 41. Qd6 Nf6 42. Kg3 Qb7 43. Qc6 Qb8+ 44. Bd6 Qd8 45. Be5 Ne8 46. Qxe8 Qc8 47. Qxc8 1-0


[Site "https://www.chess.com"]

[Event "Titled Tuesday Blitz December 27 Early 2022"]
[White "Samsonkin, Artiom"]
[Black "Kowalczyk, Pawel"]
[WhiteFideId "13503111"]
[BlackFideId "1130641"]
[WhiteElo "2420"]
[BlackElo "2332"]
[Result "1-0"]
[Round "05"]
[TimeControl "180+2"]
[Date "2022.12.27"]
[WhiteClock "0:01:41"]
[BlackClock "0:02:43"]

1. e4 c5 2. Nf3 e6 3. Nc3 a6 4. d4 cxd4 5. Nxd4 b5 6. Bd3 Bb7 7. O-O Qc7 8. Re1 d6 9. a4 b4 10. Na2 d5 11. exd5 Bxd5 12. c3 Bxa2 13. Rxa2 bxc3 14. Qf3 Ra7 15. Bf4 Qc8 16. Bxb8 Qxb8 17. Nc6 Qb7 18. Nxa7 Qxa7 19. Qc6+ Qd7 20. Qa8+ Qd8 21. Qxa6 Bd6 22. Bb5+ Ke7 23. Qb7+ Kf6 24. bxc3 g6 25. Qf3+ Kg7 26. Rd1 Qc7 27. Rad2 Bxh2+ 28. Kh1 Be5 29. Rd7 1-0


[Site "https://www.chess.com"]

[Event "Titled Tuesday Blitz December 27 Early 2022"]
[White "Sanal, Vahap"]
[Black "Salimova, Nurgyul"]
[WhiteFideId "6300545"]
[BlackFideId "2915138"]
[WhiteElo "2600"]
[BlackElo "2391"]
[Result "1-0"]
[Round "05"]
[TimeControl "180+2"]
[Date "2022.12.27"]
[WhiteClock "0:02:22"]
[BlackClock "0:00:31"]

1. b3 e5 2. Bb2 Nc6 3. e3 d5 4. Bb5 Ne7 5. Bxe5 a6 6. Bxc6+ Nxc6 7. Bb2 Qg5 8. g3 Bg4 9. f3 Bf5 10. Kf2 Bd6 11. Ne2 O-O-O 12. h4 Qg6 13. h5 Qe6 14. g4 Bxg4 15. fxg4 Be5 16. Nf4 Qf6 17. Bxe5 Nxe5 18. d4 g5 19. dxe5 Qxe5 20. Qd4 Qd6 21. Nd3 Rhe8 22. Nd2 f5 23. gxf5 Rf8 24. Kg2 b6 25. Raf1 c5 26. Qe5 1-0


[Site "https://www.chess.com"]

[Event "Titled Tuesday Blitz December 27 Early 2022"]
[White "Sargissyan, Sargis"]
[Black "Johnson, Ben"]
[WhiteFideId "13303210"]
[BlackFideId "2010917"]
[WhiteElo "2234"]
[BlackElo "1961"]
[Result "1-0"]
[Round "05"]
[TimeControl "180+2"]
[Date "2022.12.27"]
[WhiteClock "0:00:13"]
[BlackClock "0:00:01"]

1. e4 c5 2. Nf3 Nc6 3. d4 cxd4 4. Nxd4 Nf6 5. Nc3 e5 6. Ndb5 d6 7. Bg5 a6 8. Na3 b5 9. Nd5 Be7 10. Bxf6 Bxf6 11. c3 O-O 12. Nc2 Rb8 13. h4 g6 14. g3 Bg7 15. h5 Bf6 16. Bg2 Bg5 17. hxg6 hxg6 18. Bh3 Be6 19. Bxe6 fxe6 20. Nde3 Ne7 21. Qg4 Bxe3 22. Qxe6+ Kg7 23. Nxe3 Rf6 24. Qh3 Qh8 25. Qxh8+ Rxh8 26. Rxh8 Kxh8 27. Ng4 Re6 28. a4 b4 29. cxb4 d5 30. b5 dxe4 31. bxa6 Rxa6 32. Nxe5 Nd5 33. Ke2 Kg7 34. a5 Nb4 35. Nc4 Kf6 36. Ra4 Nc6 37. Ke3 Ne7 38. b4 Nd5+ 39. Kd4 Nc7 40. Kc5 Kf5 41. b5 Re6 42. a6 e3 43. Nxe3+ Kf6 44. Nc4 1-0


[Site "https://www.chess.com"]

[Event "Titled Tuesday Blitz December 27 Early 2022"]
[White "Serpi, Andrea"]
[Black "Danaci, Ege"]
[WhiteFideId "2847499"]
[BlackFideId "34506748"]
[WhiteElo "2191"]
[BlackElo "2088"]
[Result "1-0"]
[Round "05"]
[TimeControl "180+2"]
[Date "2022.12.27"]
[WhiteClock "0:00:17"]
[BlackClock "0:00:05"]

1. e4 c6 2. Nc3 d5 3. Nf3 Bg4 4. h3 Bxf3 5. Qxf3 e6 6. Be2 dxe4 7. Nxe4 Nd7 8. d4 Ngf6 9. O-O Nxe4 10. Qxe4 Nf6 11. Qd3 Be7 12. c4 O-O 13. Bf3 Qb6 14. Bd2 Rfd8 15. Bc3 Bb4 16. Rfd1 c5 17. dxc5 Bxc5 18. Qe2 Be7 19. Rxd8+ Rxd8 20. Rd1 h6 21. Rxd8+ Qxd8 22. Qd2 Qc7 23. b3 Nd7 24. Qd4 Bf6 25. Qd3 Bxc3 26. Qxc3 Qd6 27. Bxb7 Qd1+ 28. Kh2 Qe2 29. Qd4 Ne5 30. Be4 Ng6 31. Bxg6 fxg6 32. Qxa7 Qe5+ 33. g3 Qd6 34. Qe3 e5 35. c5 Qd5 36. b4 Qxa2 37. c6 Qc4 38. Qc5 Qf1 39. c7 1-0


[Site "https://www.chess.com"]

[Event "Titled Tuesday Blitz December 27 Early 2022"]
[White "Sharifov, Mekhriddin"]
[Black "Kabanov, Nikolai"]
[WhiteFideId "14701545"]
[BlackFideId "4127820"]
[WhiteElo "2209"]
[BlackElo "2429"]
[Result "1-0"]
[Round "05"]
[TimeControl "180+2"]
[Date "2022.12.27"]
[WhiteClock "0:00:06"]
[BlackClock "0:00:10"]

1. e4 c6 2. d4 d5 3. Nc3 dxe4 4. Nxe4 Nf6 5. Nxf6+ exf6 6. Bc4 Bd6 7. Qe2+ Qe7 8. Qxe7+ Kxe7 9. Ne2 Be6 10. Bd3 Nd7 11. O-O Nb6 12. Bf4 Rhd8 13. c3 Bc4 14. Bxc4 Nxc4 15. b3 Bxf4 16. Nxf4 Nd6 17. Rfe1+ Kf8 18. f3 a5 19. a4 b5 20. Nd3 Rdb8 21. Nc5 Ra7 22. axb5 Rxb5 23. Ra4 Re7 24. Rxe7 Kxe7 25. c4 Rb4 26. Rxa5 Nf5 27. Ra7+ Ke8 28. Ra8+ Ke7 29. Ra7+ Ke8 30. d5 cxd5 31. cxd5 Rb5 32. Rc7 Kd8 33. d6 Nxd6 34. Rd7+ Ke8 35. Rxd6 Rxc5 36. Rd1 Rc2 37. Rb1 Kd7 38. h4 h5 39. Kh2 Kc6 40. Kh3 f5 41. Kg3 g6 42. Kh3 Kb5 43. Kg3 Kb4 44. Re1 Rc7 45. Re3 Rc3 46. Re7 Kxb3 47. Rxf7 Rc6 48. Kf4 Kc3 49. Rd7 Re6 50. Kg5 Re2 51. Kxg6 Rxg2+ 52. Kxf5 Rg3 53. f4 Rg4 54. Ke5 Rxh4 55. f5 Rh2 56. f6 Rf2 57. Rh7 Kc4 58. Rxh5 Kc5 59. Ke6+ Kc6 60. Ke7 Re2+ 61. Kf8 Kd7 62. f7 Rg2 63. Rh1 Rg3 64. Rd1+ Kc7 65. Rd4 Rg2 66. Ke7 Re2+ 67. Kf6 Rf2+ 68. Ke6 1-0


[Site "https://www.chess.com"]

[Event "Titled Tuesday Blitz December 27 Early 2022"]
[White "Shuvalov, Evgenij"]
[Black "Troltenier, Dirk"]
[WhiteFideId "4187237"]
[BlackFideId "4606400"]
[WhiteElo "2038"]
[BlackElo "2234"]
[Result "1-0"]
[Round "05"]
[TimeControl "180+2"]
[Date "2022.12.27"]
[WhiteClock "0:01:05"]
[BlackClock "0:00:11"]

1. d4 d5 2. c4 c6 3. Nf3 Nf6 4. Nc3 e6 5. cxd5 exd5 6. Bg5 Nbd7 7. e3 h6 8. Bh4 g5 9. Bg3 Nh5 10. Be5 Nxe5 11. Nxe5 Nf6 12. Bd3 Be6 13. h4 Bg7 14. hxg5 hxg5 15. Rxh8+ Bxh8 16. Qf3 Qe7 17. O-O-O O-O-O 18. Kb1 Nd7 19. Nxc6 bxc6 20. Ba6+ Kc7 21. Qg3+ Kb6 22. Bd3 Nb8 23. Na4+ Kb7 24. Nc5+ Ka8 25. Rc1 Bf6 26. Rc3 Qd6 27. Qf3 Be7 28. Rb3 Rc8 29. Qe2 Qd8 30. Qd2 Bxc5 31. dxc5 Nd7 32. Qc3 Rb8 33. Ra3 Qc7 34. f4 gxf4 35. exf4 Qxf4 36. Rxa7+ Kxa7 37. Qa5+ Kb7 38. Ba6+ Ka7 39. Bc8# 1-0


[Site "https://www.chess.com"]

[Event "Titled Tuesday Blitz December 27 Early 2022"]
[White "Silva, Miguel Antonio Neto"]
[Black "Albertini, Luca"]
[WhiteFideId "1911929"]
[BlackFideId "847038"]
[WhiteElo "2204"]
[BlackElo "2084"]
[Result "0-1"]
[Round "05"]
[TimeControl "180+2"]
[Date "2022.12.27"]
[WhiteClock "0:00:11"]
[BlackClock "0:00:23"]

1. e4 d6 2. d4 g6 3. Nf3 Nf6 4. Nc3 Bg7 5. Be2 O-O 6. O-O Nc6 7. d5 Nb8 8. a4 e5 9. h3 Ne8 10. Nd2 f5 11. Nc4 f4 12. Bg4 h5 13. Bxc8 Qxc8 14. f3 g5 15. Kf2 g4 16. Ke2 a5 17. hxg4 hxg4 18. b3 Nd7 19. Ba3 b6 20. Rh1 Nc5 21. Bxc5 bxc5 22. Kd3 g3 23. Rh4 c6 24. Qh1 Ra7 25. Qh3 Qxh3 26. Rxh3 cxd5 27. Nxd5 Nf6 28. Ncb6 Ne8 29. Rah1 Rff7 30. Rh4 Rfb7 31. Nc4 Rd7 32. Rg4 Kf8 33. Rh5 Nc7 34. Ncb6 Rf7 35. Nxc7 Raxc7 36. Rg6 Rc6 37. Nc4 Rd7 38. Nxa5 Rc8 39. Nc4 d5 40. exd5 Rxd5+ 41. Ke4 Rd4+ 42. Kf5 Re8 43. Kg4 e4 44. Rf5+ Kg8 45. fxe4 Rexe4 46. Kh3 Re1 47. Kg4 f3+ 48. Kxf3 Rf1+ 49. Ke3 Rxf5 50. c3 Rd7 51. Rxg3 Re7+ 52. Kd3 Rd5+ 53. Kc2 Re2+ 54. Kb1 Rd1# 0-1


[Site "https://www.chess.com"]

[Event "Titled Tuesday Blitz December 27 Early 2022"]
[White "Slade, Theodore"]
[Black "Yuan, Qingyu"]
[WhiteFideId "426547"]
[BlackFideId "8609772"]
[WhiteElo "1995"]
[BlackElo "2373"]
[Result "0-1"]
[Round "05"]
[TimeControl "180+2"]
[Date "2022.12.27"]
[WhiteClock "0:00:01"]
[BlackClock "0:00:07"]

1. d4 Nf6 2. c4 e6 3. g3 d5 4. Bg2 dxc4 5. Nf3 c5 6. O-O Nc6 7. dxc5 Qxd1 8. Rxd1 Bxc5 9. Nbd2 c3 10. bxc3 O-O 11. Nb3 Be7 12. c4 Bd7 13. Bb2 Rfc8 14. Rab1 Be8 15. c5 Nd5 16. Ne5 Ncb4 17. a3 Na6 18. Bxd5 exd5 19. Rxd5 Nxc5 20. Nxc5 Rxc5 21. Rxc5 Bxc5 22. Rc1 b6 23. Nd3 Bd6 24. e4 f6 25. f4 Rd8 26. Kf2 Bxa3 27. Bxa3 Rxd3 28. Rc8 Rxa3 29. Rxe8+ Kf7 30. Rb8 h5 31. Rb7+ Kg6 32. h3 Ra5 33. g4 hxg4 34. hxg4 b5 35. e5 fxe5 36. fxe5 a6 37. Ke3 Ra4 38. Kf3 Ra3+ 39. Ke4 Ra4+ 40. Kd5 Rxg4 41. Rb6+ Kf5 42. Rxa6 Re4 43. e6 Re5+ 44. Kd4 Rxe6 45. Ra7 g5 46. Rb7 Re4+ 47. Kd3 Re5 48. Kd4 Kf4 49. Ra7 Rf5 50. Ra1 g4 51. Rf1+ Kg5 52. Rg1 Rf8 53. Rb1 Rb8 54. Ke3 b4 55. Kf2 b3 56. Rb2 Kf4 57. Kg2 g3 58. Kg1 Kf3 59. Rb1 b2 60. Rf1+ Kg4 61. Rb1 Kh3 62. Kh1 Rc8 63. Rg1 Rc1 64. Rxc1 bxc1=Q# 0-1


[Site "https://www.chess.com"]

[Event "Titled Tuesday Blitz December 27 Early 2022"]
[White "Sovetov, Oleksandr"]
[Black "Matveeva, Olga"]
[WhiteFideId "34105786"]
[BlackFideId "24107018"]
[WhiteElo "1976"]
[BlackElo "2128"]
[Result "1-0"]
[Round "05"]
[TimeControl "180+2"]
[Date "2022.12.27"]
[WhiteClock "0:00:09"]
[BlackClock "0:00:15"]

1. Nf3 e6 2. c4 d5 3. e3 Nf6 4. b3 Be7 5. Bb2 O-O 6. Qc2 c5 7. cxd5 Nxd5 8. h4 Nb4 9. Qe4 f5 10. Qc4 b5 11. Qc3 Bf6 12. Qc1 Bxb2 13. Qxb2 Nd3+ 14. Bxd3 Qxd3 15. Rh3 Nc6 16. Rg3 Rf7 17. Na3 Bb7 18. Ne5 Nxe5 19. Qxe5 Rd8 20. Rd1 a6 21. Qxc5 Rfd7 22. Nb1 b4 23. Qxb4 a5 24. Qc4 Qd6 25. Nc3 Ba6 26. Nb5 Qb6 27. a4 Bxb5 28. Qxb5 Qxb5 29. axb5 Rb8 30. Rc1 Rxb5 31. Rc3 Rdb7 32. e4 fxe4 33. Rge3 Rb4 34. Rc5 a4 35. bxa4 Rxa4 36. Re5 Kf7 37. R5xe4 Ra2 38. Ke2 Rbb2 39. Rf4+ Ke7 40. Rd4 Rc2 41. g4 h6 42. f4 g6 43. f5 gxf5 44. gxf5 Kf7 45. fxe6+ Ke7 46. Rd7+ Ke8 47. e7 Kxd7 48. e8=Q+ Kd6 49. Qe6+ Kc5 50. Re5+ 1-0


[Site "https://www.chess.com"]

[Event "Titled Tuesday Blitz December 27 Early 2022"]
[White "Srebrnic, Marko"]
[Black "Beerdsen, Thomas"]
[WhiteFideId "14603616"]
[BlackFideId "1030108"]
[WhiteElo "2366"]
[BlackElo "2507"]
[Result "0-1"]
[Round "05"]
[TimeControl "180+2"]
[Date "2022.12.27"]
[WhiteClock "0:00:02"]
[BlackClock "0:00:53"]

1. e4 e6 2. d4 d5 3. Nc3 Bb4 4. e5 Bf8 5. f4 c5 6. Nf3 Nh6 7. Bd3 Nc6 8. O-O cxd4 9. Nb5 Bc5 10. Ng5 a6 11. Nd6+ Bxd6 12. exd6 Qxd6 13. Qh5 Bd7 14. f5 O-O-O 15. f6 e5 16. fxg7 Rhg8 17. Nxf7 Nxf7 18. Rxf7 Be8 19. Qf5+ Kb8 20. Rf6 Qe7 21. Re6 Qxg7 22. Qf1 Bd7 23. Rf6 Bh3 24. Rf2 e4 25. Bf4+ Ka7 26. Bg3 exd3 27. gxh3 dxc2 28. Rxc2 h5 29. h4 Rdf8 30. Qd3 Nb4 31. Qd2 Nxc2 32. Qxc2 Qe5 33. Qd3 Qe3+ 34. Qxe3 dxe3 35. Rd1 d4 0-1


[Site "https://www.chess.com"]

[Event "Titled Tuesday Blitz December 27 Early 2022"]
[White "Stead, Kerry"]
[Black "McBryde, Lamel"]
[WhiteFideId "3202577"]
[BlackFideId "2058596"]
[WhiteElo "1908"]
[BlackElo "1861"]
[Result "0-1"]
[Round "05"]
[TimeControl "180+2"]
[Date "2022.12.27"]
[WhiteClock "0:00:02"]
[BlackClock "0:00:03"]

1. d4 Nf6 2. f3 d5 3. e4 dxe4 4. Nc3 Bf5 5. fxe4 Nxe4 6. Qf3 Nd6 7. Bf4 Bc8 8. O-O-O g6 9. Be5 f6 10. Bg3 Bg7 11. Bd3 O-O 12. Nge2 Nc6 13. Bxd6 cxd6 14. Bc4+ Kh8 15. Nf4 e5 16. Nxg6+ hxg6 17. Qg3 Bh6+ 18. Kb1 Kg7 19. dxe5 Nxe5 20. Bb3 Bf5 21. Rhf1 Kh7 22. h3 Qb6 23. Nd5 Qc5 24. Qh4 Kg7 25. g4 Be4 26. Nxf6 g5 27. Nh5+ Kg6 28. Qg3 Rac8 29. Qe1 Bxc2+ 30. Bxc2+ Qxc2+ 31. Ka1 Rxf1 32. Qxf1 Bg7 33. Rxd6+ Kh7 34. a3 Nc4 0-1


[Site "https://www.chess.com"]

[Event "Titled Tuesday Blitz December 27 Early 2022"]
[White "Stork, Oliver"]
[Black "Avila Pavas, Santiago"]
[WhiteFideId "12955728"]
[BlackFideId "4437128"]
[WhiteElo "2342"]
[BlackElo "2522"]
[Result "0-1"]
[Round "05"]
[TimeControl "180+2"]
[Date "2022.12.27"]
[WhiteClock "0:00:02"]
[BlackClock "0:00:08"]

1. d4 Nf6 2. Nf3 e6 3. e3 d5 4. Bd3 b6 5. O-O Bb7 6. b3 Nbd7 7. Bb2 Bd6 8. c4 O-O 9. Nc3 Qe7 10. Qc2 c5 11. Nb5 dxc4 12. Bxc4 Bb8 13. a4 a6 14. Nc3 Qd6 15. Rfd1 Bxf3 16. gxf3 Qxh2+ 17. Kf1 cxd4 18. Rxd4 Ne5 19. Ne4 Qh1+ 20. Ke2 Qxf3+ 21. Ke1 Nfg4 22. Ng5 Qh1+ 23. Kd2 Qh2 24. Qe4 Nxf2 25. Qxa8 Ne4+ 26. Kc1 Qg1+ 27. Kc2 Qxe3 28. Qxe4 Qxg5 29. Rad1 h5 30. Kb1 h4 31. Qxh4 Qg6+ 32. Qe4 f5 33. Qe2 f4+ 0-1


[Site "https://www.chess.com"]

[Event "Titled Tuesday Blitz December 27 Early 2022"]
[White "Strahov, Andrej"]
[Black "Tarnowska, Aleksandra"]
[WhiteFideId "4165489"]
[BlackFideId "1180967"]
[WhiteElo "2398"]
[BlackElo "1835"]
[Result "1-0"]
[Round "05"]
[TimeControl "180+2"]
[Date "2022.12.27"]
[WhiteClock "0:00:13"]
[BlackClock "0:00:01"]

1. e4 c5 2. Nf3 e6 3. d4 cxd4 4. Nxd4 a6 5. c4 Nf6 6. Nc3 Bb4 7. Qd3 Nc6 8. Be2 Qc7 9. O-O O-O 10. Bg5 Bxc3 11. bxc3 Ne5 12. Qg3 Nxe4 13. Qh4 Nxg5 14. Qxg5 Nxc4 15. f4 Nd2 16. f5 f6 17. Qg4 Nxf1 18. Rxf1 Qxc3 19. h4 Qe3+ 20. Kh1 e5 21. Bc4+ Kh8 22. Nb3 b5 23. Bd5 Qd3 24. Rd1 Qc2 25. Bxa8 Qxa2 26. Bd5 a5 27. Nc5 Qc2 28. Ne4 b4 29. Nd6 b3 30. Nf7+ Rxf7 31. Bxf7 b2 32. Ba2 a4 33. Bb1 Qc1 34. Qxa4 1-0


[Site "https://www.chess.com"]

[Event "Titled Tuesday Blitz December 27 Early 2022"]
[White "Svane, Rasmus"]
[Black "Grigorov, Grigor"]
[WhiteFideId "4657101"]
[BlackFideId "2907313"]
[WhiteElo "2623"]
[BlackElo "2510"]
[Result "0-1"]
[Round "05"]
[TimeControl "180+2"]
[Date "2022.12.27"]
[WhiteClock "0:00:01"]
[BlackClock "0:00:04"]

1. Nf3 Nf6 2. g3 b6 3. Bg2 Bb7 4. O-O e6 5. c4 Be7 6. d4 O-O 7. Re1 Ne4 8. Bf4 f5 9. Qc2 Nc6 10. Nc3 Nxc3 11. bxc3 Na5 12. c5 Be4 13. Qa4 d6 14. cxd6 cxd6 15. c4 Rc8 16. Rac1 Qe8 17. Qb4 d5 18. c5 Nc4 19. Bd6 Bxd6 20. cxd6 Bxf3 21. exf3 Qd7 22. Bf1 Nxd6 23. Ba6 Rxc1 24. Rxc1 f4 25. Kg2 h5 26. a4 fxg3 27. hxg3 h4 28. Bb5 Qf7 29. f4 Ne4 30. Qe1 Qg6 31. Bd3 Rxf4 32. f3 hxg3 33. Qe3 Rh4 34. fxe4 Rh2+ 35. Kg1 Qg4 36. exd5 Rh1+ 0-1


[Site "https://www.chess.com"]

[Event "Titled Tuesday Blitz December 27 Early 2022"]
[White "Tikhonov, Viacheslav"]
[Black "Torres Dominguez, David"]
[WhiteFideId "44196407"]
[BlackFideId "2220857"]
[WhiteElo "2220"]
[BlackElo "1994"]
[Result "1-0"]
[Round "05"]
[TimeControl "180+2"]
[Date "2022.12.27"]
[WhiteClock "0:00:31"]
[BlackClock "0:00:02"]

1. d4 e5 2. dxe5 d6 3. exd6 Bxd6 4. Nf3 Bg4 5. e3 Nc6 6. Be2 Qe7 7. c3 Nf6 8. Qa4 O-O-O 9. Nbd2 Kb8 10. Nc4 Ne4 11. Nd4 Bxe2 12. Nxc6+ bxc6 13. Kxe2 Qh4 14. g3 Qh5+ 15. Ke1 Nc5 16. Qd1 Qf5 17. Qe2 Nd3+ 18. Kf1 Qe4 19. f3 Qxc4 20. Bd2 Nxb2 21. Rb1 Qxa2 22. Kg2 Ka8 23. e4 Nc4 24. Rhd1 Bc5 25. Ra1 Rxd2 26. Rxa2 Rxe2+ 27. Rxe2 Ne3+ 28. Rxe3 Bxe3 29. Rd7 Rf8 30. Rxc7 Bb6 31. Rxc6 Kb7 32. Rd6 Kc7 33. Rd5 a5 34. f4 Kc6 35. c4 a4 36. Rd2 a3 37. Ra2 Bc5 38. Kf3 Rb8 39. e5 Rb2 40. Ra1 Rxh2 41. Ke4 g6 42. g4 Re2+ 43. Kf3 Re3+ 44. Kg2 Rb3 45. f5 g5 46. Rh1 a2 47. Ra1 Rb2+ 48. Kf3 Bd4 49. e6 fxe6 50. Ke4 Re2+ 51. Kxd4 exf5 52. gxf5 g4 53. f6 Kd6 54. Rf1 1-0


[Site "https://www.chess.com"]